 Dungeon Crawl Stone Soup version 0.30-a0-778-g2ef04afb54 (webtiles) character file.

Game seed: 2230429420806206458

117 Pimp the Ducker (level 5, -2/35 HPs)
             Began as a Djinni Gladiator on Feb 16, 2023.
             Slain by an orc
             ... wielding a +0 flail
              (7 damage)
             ... on level 3 of the Dungeon.
             The game lasted 00:04:19 (1714 turns).

Pimp the Ducker (Djinni Gladiator)                  Turns: 1714, Time: 00:04:20

Health: -2/35      AC:  4    Str: 11 (12) XL:     5   Next: 22%
Gold:   132        EV: 13    Int:  8 (10) God:
                   SH:  0    Dex: 18 (19)

rFire   + + .      SeeInvis .    a - +0 long sword
rCold   x . .      Faith    .    (no shield)
rNeg    . . .      Spirit   .    b - +0 leather armour
rPois   ∞          Reflect  .    c - +0 helmet
rElec   .          Harm     .    (no cloak)
rCorr   .          Rampage  .    (no gloves)
Will    .....                    (boots unavailable)
Stlth   +                        (no amulet)
HPRegen 0.25/turn                (no ring)
MPRegen 0.00/turn                (no ring)

@: flying
A: sickness immunity, fire resistance 2, cold vulnerability 1, float, innate
caster, HP casting, extra vitality 1, agile 1, frail 1
a: no special abilities


You were on level 3 of the Dungeon.
You visited 1 branch of the dungeon, and saw 3 of its levels.

You collected 132 gold pieces.

Inventory:

Hand Weapons
 a - a +0 long sword (weapon)
Missiles
 d - 3 throwing nets (quivered)
 e - a javelin
 g - 9 poisoned darts
Armour
 b - a +0 leather armour (worn)
 c - a +0 helmet (worn)
Scrolls
 f - 5 scrolls of identify {unknown}
 k - a scroll of magic mapping {unknown}
 l - 2 scrolls of enchant weapon {unknown}
 m - a scroll of silence {unknown}
 n - 2 scrolls of fog {unknown}
 r - a scroll of amnesia {unknown}
Potions
 h - a potion of heal wounds {unknown}
 i - a potion of degeneration
 j - a potion of flight
 o - a potion of brilliance {unknown}
 p - a potion of mutation
 q - a potion of resistance {unknown}


   Skills:
 + Level 2.5 Fighting
 + Level 3.7 Long Blades
 + Level 1.8 Throwing
 + Level 1.5 Armour
 + Level 4.2 Dodging
 + Level 0.1 Stealth


You had one spell level left.
You knew the following spells:

 Your Spells              Type           Power      Damage    Failure   Level
a - Kiss of Death         Conj/Necr      0%         2d5       50%         1
b - Ensorcelled Hibernat  Hex/Ice        0%         N/A       65%         2
Your spell library was empty.

Dungeon Overview and Level Annotations

Branches:
Dungeon (3/15)

Altars:
Wu Jian


Innate Abilities, Weirdness & Mutations

You are immune to sickness and miasma.
You are immune to poison.
Your flesh is very heat resistant. (rF++)
You are vulnerable to cold. (rC-)
You float through the air rather than walking.
You learn spells naturally, not from books.
Your magical power is your life essence.
You have superior vitality. (+4 MHP)
You are agile. (Dex +4, Str/Int -1)
You are frail. (-10% HP)


Message History

You are confused.
The orc barely misses you.
You bump into the stone wall.
The orc wizard casts a spell at you. The puff of flame hits you. You resist.
The orc hits you with a +0 flail!
The orc wizard gestures at you while chanting.
You are more confused.
The orc wizard hits you but does no damage.
The orc barely misses you.
You're too confused to move!
The orc wizard closely misses you. The orc hits you with a +0 flail.
* * * LOW HITPOINT WARNING * * *
You hit the orc wizard.
The orc wizard is severely wounded.
The orc wizard points at you and mumbles some strange words.
You resist with some effort. The orc closely misses you.
You bump into the rock wall.
The orc wizard hits you with a +0 dagger.
* * * LOW HITPOINT WARNING * * *
The orc hits you but does no damage.
You're too confused to cast spells.
The orc hits you with a +0 flail.
* * * LOW HITPOINT WARNING * * *
It was a potion of flight.
You feel more buoyant.
The orc wizard hits you but does no damage.
The orc completely misses you.
It was a potion of degeneration.
There was something very wrong with that liquid.
You feel weakened.
You feel dopey.
You feel clumsy. The orc wizard closely misses you. The orc closely misses you.
The orc wizard attacks as you move away!
The orc wizard hits you but does no damage.
It was a potion of mutation.
You feel extremely strange.
You feel frail.
You feel agile.
You feel less confused.
The orc wizard hits you with a +0 dagger.
* * * LOW HITPOINT WARNING * * *
The orc hits you with a +0 flail!
You die...

# .# ######## .# #..#
#......#..#
#..####......#..#
#..#..'....o.'.$#
#####..#.##...@o.##.#
#......#.#....###)..#
#......#.#..###
.....#
###......#.#.##
#######
>.'......#...####..##
.##.....####....._.#§
.##..........####..##
.##....####### ##
.#######


You could see an orc wizard and an orc.

Vanquished Creatures
  4 adders (D:2)
  2 worms
  A dart slug (D:1)
  2 orcs (D:3)
  5 endoplasms
  3 giant cockroaches
  10 goblins
  8 hobgoblins
  3 jackals (D:2)
  5 kobolds
  4 quokkas
  4 ball pythons
  9 bats
  2 frilled lizards (D:1)
  2 rats
64 creatures vanquished.

Notes
Turn   | Place    | Note
-------+----------+-------------------------------------------
     0 | D:1      | Pimp the Djinni Gladiator began the quest for the Orb.
     0 | D:1      | Reached XP level 1. HP: 18/18 MP: 0/0
    59 | D:1      | Reached XP level 2. HP: 15/23 MP: 0/0
   464 | D:1      | Reached XP level 3. HP: 28/28 MP: 0/0
   464 | D:1      | Learned a level 1 spell: Kiss of Death
   849 | D:2      | Reached skill level 1 in Armour
   849 | D:2      | Reached skill level 4 in Dodging
   849 | D:2      | Reached XP level 4. HP: 31/33 MP: 0/0
  1295 | D:2      | Reached XP level 5. HP: 39/39 MP: 0/0
  1295 | D:2      | Learned a level 2 spell: Ensorcelled Hibernation
  1665 | D:3      | Found an ornate altar of the Wu Jian Council.
  1714 | D:3      | Gained mutation: You are frail. (-10% HP) [potion of
                  | mutation]
  1714 | D:3      | Gained mutation: You are agile. (Dex +4, Str/Int -1)
                  | [potion of mutation]
  1714 | D:3      | Slain by an orc

Illustrated notes

Levels and vault maps discovered:
D:1:      reono_arrival_forest_river, layout_loops_cross, chequers_garden,
          minmay_misc_feat_roman
D:2:      layout_rooms, chequers_serial_rivers_room_a, minmay_heptomino_w4
D:3:      layout_basic, pdpol_wu_jian_five_deadly_venoms, gammafunk_ghost_smash,
          uniq_robin

Skill      XL: |  1  2  3 |
---------------+----------+-----
Long Blades    | 3 |  3.7
Armour         | 1 |  1.5
Dodging        | 4 |  4.2
Fighting       | |  2.5
Throwing       | |  1.8
Stealth        | |  0.1

Action                     |  1- 3 |  4- 6 || total
---------------------------+-------+-------++-------
  Melee: Long sword        |   104 |   127 ||   231
         Punch             |       |     2 ||     2
    Use: Potion            |       |     3 ||     3
 Armour: Leather armour    |    40 |    62 ||   102
  Dodge: Dodged            |   104 |   162 ||   266

Table legend: (Time is in decaauts)
 A = Elapsed time spent in this place.
 B = Non-inter-level travel time spent in this place.
 C = Inter-level travel time spent in this place.
 D = Time resting spent in this place.
 E = Time spent auto-exploring this place.
 F = Levels seen in this place.
 G = Mean time per level.
                   A        B        C        D        E       F      G
               +--------+--------+--------+--------+--------+-----+--------+
         Total |   1767 |   1733 |     34 |      0 |   1135 |   3 |  589.0 |
       Dungeon |   1767 |   1733 |     34 |      0 |   1135 |   3 |  589.0 |
               +--------+--------+--------+--------+--------+-----+--------+

Top non-repeatable levels by time:
     D:1: 817 daAuts
     D:2: 700 daAuts
     D:3: 250 daAuts
